 Dungeon Crawl Stone Soup version 0.20.1-1-g8b1a95d (webtiles) character file.

53090 Aaeron the Severer (level 15, -15/119 HPs)
             Began as a Formicid Fighter on Dec 21, 2017.
             Was a High Priest of the Shining One.
             Demolished by a large abomination (21 damage)
             ... on level 2 of the Abyss.
             The game lasted 01:51:19 (21350 turns).

Aaeron the Severer (Formicid Fighter)              Turns: 21350, Time: 01:51:20

Health: -15/119    AC: 20    Str: 25    XL:     15   Next: 8%
Magic:  21/21      EV: 10    Int:  4    God:    the Shining One [*****.]
Gold:   1269       SH: 30    Dex: 17    Spells: 14/14 levels left

rFire    . . .     SeeInvis +   A - +6 battleaxe (elec)
rCold    . . .     Gourm    +   C - +10 large shield of Ignorance {rN+ Int-4}
rNeg     + + +     Faith    .   G - +3 plate armour {rPois}
rPois    +         Spirit   .   (helmet unavailable)
rElec    .         Reflect  .   H - +0 cloak
rCorr    .         Harm     .   (no gloves)
MR       +....                  (no boots)
Stlth    ..........             w - amulet of the gourmand
Regen    0.3/turn               u - ring of the Queen {Str+3 Dex+2 Stlth-}
MPRegen  0.2/turn               g - +2 ring of protection

@: glowing
A: permanent stasis, dig shafts and tunnels, four strong arms, antennae 3
a: Dig, Shaft Self, Divine Shield, Cleansing Flame, Summon Divine Warrior,
Renounce Religion


You were on level 2 of the Abyss.
You worshipped the Shining One.
The Shining One was extremely pleased with you.
You were very full.

You visited 4 branches of the dungeon, and saw 21 of its levels.
You visited the Abyss 1 time.
You also visited: Labyrinth.

You collected 1971 gold pieces.
You spent 702 gold pieces at shops.

Inventory:

Hand Weapons
 k - the +1 war axe of Axomame {venom, rN+ MR+ Str-4 Int+2}
   (You found it on level 1 of the Lair of Beasts)

   It poisons the flesh of those it strikes.
   It affects your strength (-4).
   It affects your intelligence (+2).
   It protects you from negative energy.
   It affects your resistance to hostile enchantments.
 A - a +6 battleaxe of electrocution (weapon)
 E - a +1 war axe of flaming
Missiles
 S - 2 poisoned javelins
 T - 39 tomahawks
 V - 5 poisoned tomahawks (quivered)
Armour
 c - a +1 shield
 C - the +10 large shield of Ignorance (worn) {rN+ Int-4}
   (You found it on level 4 of the Lair of Beasts)

   It affects your intelligence (-4).
   It protects you from negative energy.
 G - a +3 plate armour of poison resistance (worn)
 H - a +0 cloak (worn)
Jewellery
 g - a +2 ring of protection (right hand)
 q - an uncursed ring of protection from cold
 t - the ring of Nihilism {rC+ MR+ Str-4 Int+3}
   (You found it in a labyrinth)

   [ring of protection from cold]

   It affects your strength (-4).
   It affects your intelligence (+3).
   It protects you from cold.
   It affects your resistance to hostile enchantments.
 u - the ring of the Queen (left hand) {Str+3 Dex+2 Stlth-}
   (You found it in a labyrinth)

   [ring of loudness]

   It affects your strength (+3).
   It affects your dexterity (+2).
   It makes you less stealthy.
 w - an amulet of the gourmand (around neck)
Wands
 a - a wand of flame (21/48)
 b - a wand of lightning (11/15)
 d - a wand of iceblast (10/15)
 m - a wand of polymorph (21/24)
 s - a wand of enslavement (12/24)
 x - a wand of acid (9/15)
 y - a wand of lightning (12/15)
 B - a wand of lightning (7/15)
 I - a wand of lightning (10/15)
 L - a wand of confusion (14/48)
Scrolls
 e - 3 scrolls of identify
 i - 3 scrolls of remove curse
 p - 2 scrolls of amnesia
 Q - a scroll of immolation
Potions
 j - 3 potions of heal wounds
 l - a potion of agility
 n - 2 potions of ambrosia
 o - 4 potions of flight
 v - 8 potions of curing
 z - 3 potions of cancellation
 F - 3 potions of lignification
 P - 2 potions of resistance
 W - a potion of might
Comestibles
 f - 13 bread rations
 r - a meat ration
 D - a fruit


   Skills:
 + Level 11.5 Fighting
 + Level 15.5 Axes
 + Level 3.4 Throwing
 + Level 9.4 Armour
 + Level 6.1 Dodging
 + Level 2.9 Stealth
 * Level 12.4 Shields
 + Level 9.1 Invocations


You had 14 spell levels left.
You didn't know any spells.

Dungeon Overview and Level Annotations

Branches:
Dungeon (14/15)            Temple (1/1) D:4            Lair (4/6) D:11
 Spider (0/4) Lair:2          Orc (2/2) D:12            Elf (0/3) Orc:2
  Swamp: Lair:2-4    Shoals: Lair:2-4    Vaults: D:13-14

Altars:
Ashenzari
Cheibriados
Dithmenos
Elyvilon
Fedhas
Gozag
Hepliaklqana
Kikubaaqudgha
Makhleb
Nemelex Xobeh
Okawaru
Qazlal
Ru
Sif Muna
Trog
Uskayaw
Vehumet
Xom
Yredelemnul
Zin
The Shining One
Beogh

Shops:
D:5 (   D:9 %   D:11 :   Orc:2 ([!!(

Annotations:
Lair:4 Sonja


Innate Abilities, Weirdness & Mutations

You cannot be hasted, slowed, berserked, paralysed or teleported.
You can dig through walls and to a lower floor.
Your four strong arms can wield two-handed weapons with a shield.
You have a pair of large antennae on your head. (SInv)


Message History

You hit the raiju.
The raiju is lightly wounded.
You hit the large abomination. You block the raiju's attack.
The raiju bursts into living lightning!
The living lightning hits you!
* * * LOW HITPOINT WARNING * * *
The living lightning hits the raiju.
The raiju completely resists.
The living lightning hits the raiju.
The raiju completely resists.
The raiju blinks! x4
You block the large abomination's attack.
Your plate armour prevents you from hitting the raiju.
The raiju is lightly wounded.
You closely miss the raiju. You slice the large abomination!!
Lightning courses through the large abomination!
The jumping spider leaps!
You block the raiju's attack. The raiju bites you!
* * * LOW HITPOINT WARNING * * *
The raiju shocks you!
* * * LOW HITPOINT WARNING * * *
The large abomination hits you!!
You die...

#. #.. ..# # .#
###.## ##. . ..
..#.##.. .##.#
###.#.#h# ...###
##...#.X@## .....
###.#....hxs# ....
#.#.#..#.§#s§#.. #
#..#. ..#...§....#
..
...#X#.##....#.#§.{.
.
#X......#.......%§s.
. .#..
...####......§. ..
#$.... . ######### X
## .h....#


You could see a large abomination, a worldbinder, 2 raiju and 2 tarantellas.

Vanquished Creatures
  Saint Roka (Orc:2)
  An ettin (Orc:1)
  A minotaur (Lab)
  Josephine (D:12)
  Fannar (D:10)
  Erolcha (Orc:2)
  2 hydras
  The ghost of Wesley the Grappler, a journeyman DrTm of Nemelex Xobeh (D:9)
  5 two-headed ogres
  An unseen horror (D:9)
  A lindwurm (Lair:4)
  4 orc knights
  Pikel (D:7)
  An orb spider (Lair:2)
  7 orc sorcerers
  2 ugly things (D:12)
  6 elephants (Lair:4)
  2 black mambas
  A gargoyle (D:12)
  Maurice (D:10)
  4 spiny frogs
  7 rime drakes (Lair:2)
  A kobold demonologist (D:13)
  3 komodo dragons
  A merfolk (D:10)
  8 trolls
  Prince Ribbit (Lair:3)
  2 hornets
  6 blink frogs
  4 hippogriffs
  A flying skull (Abyss:1)
  A shadow (D:12)
  2 wyverns
  17 yaks
  Sigmund (D:4)
  5 wraiths
  A basilisk (Lair:3)
  A hog (D:13)
  5 fire elementals (Orc:2)
  10 steam dragons (Lair:2)
  Menkaure (D:4)
  A hungry ghost (D:7)
  4 wargs
  9 water moccasins
  5 porcupines
  2 hell hounds
  40 orc warriors
  3 sky beasts
  6 ice beasts
  2 black bears
  A slave (D:7)
  2 necrophages
  3 phantoms
  8 ogres
  6 centaurs
  9 crocodiles
  2 big kobolds
  10 bullfrogs
  A wyvern skeleton (D:8)
  2 wyvern zombies
  4 scorpions
  15 killer bees
  9 wights
  4 crimson imps
  A bullfrog zombie (D:6)
  6 centaur zombies
  2 jellies
  2 centaur skeletons
  16 orc priests
  A bullfrog skeleton (D:8)
  7 hounds
  3 iguanas
  An iron imp (D:8)
  Ijyb (D:3)
  15 worker ants
  24 orc wizards
  Terence (D:3)
  2 killer bee zombies (D:7)
  A hound skeleton (D:10)
  A howler monkey zombie (D:9)
  2 worker ant zombies
  11 adders
  4 shadow imps
  An ooze (D:3)
  3 adder zombies
  An adder skeleton (D:5)
  5 worms
  An adder simulacrum (D:10)
  4 leopard geckos
  105 orcs
  6 giant cockroaches
  6 goblins
  9 hobgoblins
  6 jackals
  12 kobolds
  9 quokkas
  5 bats
  5 frilled lizards
  A jackal zombie (D:8)
  2 leopard gecko skeletons (D:7)
  2 quokka skeletons
  6 rats
  A fungus (Lair:4)
562 creatures vanquished.

Vanquished Creatures (collateral kills)
  Azrael (Orc:1)
  2 big kobolds (D:13)
  2 wights (D:13)
  3 kobolds (D:13)
8 creatures vanquished.

Vanquished Creatures (others)
  An ice beast (D:9)
  A crimson imp (D:7)
  A plant (D:11)
3 creatures vanquished.

Grand Total: 573 creatures vanquished

Notes
Turn   | Place    | Note
-------+----------+-------------------------------------------
     0 | D:1      | Aaeron the Formicid Fighter began the quest for the Orb.
     0 | D:1      | Reached XP level 1. HP: 18/18 MP: 1/1
   266 | D:1      | Reached XP level 2. HP: 24/24 MP: 2/2
   753 | D:2      | Reached XP level 3. HP: 29/29 MP: 3/3
  1164 | D:2      | Reached XP level 4. HP: 37/37 MP: 4/4
  1377 | D:2      | Found a sparkling altar of Nemelex Xobeh.
  1611 | D:3      | Noticed Terence
  1615 | D:3      | Killed Terence
  1620 | D:3      | Reached XP level 5. HP: 42/42 MP: 5/5
  1636 | D:3      | Noticed Ijyb
  1642 | D:3      | Killed Ijyb
  1644 | D:3      | Reached skill level 3 in Axes
  2057 | D:3      | Reached XP level 6. HP: 48/48 MP: 6/6
  2286 | D:3      | Reached skill level 5 in Shields
  2677 | D:4      | Noticed a phantom
  2690 | D:4      | Killed a phantom
  2690 | D:4      | Reached skill level 4 in Axes
  2821 | D:4      | Noticed Sigmund
  2837 | D:4      | Killed Sigmund
  2837 | D:4      | Reached skill level 1 in Dodging
  2837 | D:4      | Reached skill level 1 in Stealth
  2837 | D:4      | Reached XP level 7. HP: 27/55 MP: 7/7
  2918 | D:4      | Noticed a water moccasin
  2929 | D:4      | Killed a water moccasin
  2929 | D:4      | Reached skill level 5 in Axes
  3253 | D:4      | Noticed Menkaure
  3268 | D:4      | Killed Menkaure
  3268 | D:4      | Reached XP level 8. HP: 6/61 MP: 8/8
  3544 | D:4      | Found a staircase to the Ecumenical Temple.
  3551 | Temple   | Entered the Ecumenical Temple
  3563 | Temple   | Became a worshipper of the Shining One
  3671 | D:4      | Reached skill level 5 in Fighting
  3671 | D:4      | Reached skill level 1 in Throwing
  4087 | D:5      | Entered Level 5 of the Dungeon
  4126 | D:5      | Reached skill level 5 in Armour
  4138 | D:5      | Reached skill level 6 in Axes
  4232 | D:5      | Found Hairuzur's Antique Weapon Boutique.
  4933 | D:6      | Reached * piety under the Shining One
  5148 | D:6      | Found a white marble altar of Elyvilon.
  5206 | D:6      | Reached skill level 7 in Axes
  5206 | D:6      | Reached XP level 9. HP: 61/69 MP: 9/9
  5373 | D:6      | Found a shattered altar of Ashenzari.
  5877 | D:7      | Reached skill level 8 in Axes
  5902 | D:7      | Noticed Pikel
  5909 | D:7      | Killed Pikel
  6048 | D:7      | Reached ** piety under the Shining One
  6367 | D:8      | Reached XP level 10. HP: 67/77 MP: 10/10
  6468 | D:8      | Found a snail-covered altar of Cheibriados.
  6636 | D:8      | Noticed a two-headed ogre
  6654 | D:8      | Killed a two-headed ogre
  6654 | D:8      | Reached skill level 9 in Axes
  6732 | D:8      | Found a shadowy altar of Dithmenos.
  7231 | D:8      | Reached skill level 10 in Axes
  7252 | D:8      | Noticed a two-headed ogre
  7266 | D:8      | Killed a two-headed ogre
  7336 | D:9      | Noticed Wesley's ghost (journeyman DrTm)
  7341 | D:9      | Reached XP level 11. HP: 67/86 MP: 11/11
  7475 | D:9      | Killed Wesley's ghost
  7530 | D:9      | Found Deybbife's Food Emporium.
  7695 | D:9      | Noticed an unseen horror
  7701 | D:9      | Killed an unseen horror
  7701 | D:9      | Reached skill level 11 in Axes
  7718 | D:9      | Reached *** piety under the Shining One
  7724 | D:9      | Reached skill level 1 in Invocations
  8097 | D:9      | Noticed a two-headed ogre
  8100 | D:9      | Found an ancient bone altar of Kikubaaqudgha.
  8103 | D:9      | Killed a two-headed ogre
  8115 | D:9      | Found a burning altar of Makhleb.
  8459 | D:10     | Entered Level 10 of the Dungeon
  8473 | D:10     | Noticed Maurice
  8490 | D:10     | Killed Maurice
  8795 | D:10     | Reached skill level 10 in Shields
  8941 | D:10     | Reached skill level 5 in Dodging
  8963 | D:10     | Noticed Fannar
  9007 | D:10     | Noticed a two-headed ogre
  9063 | D:9      | Noticed a two-headed ogre
  9082 | D:10     | Reached XP level 12. HP: 28/94 MP: 9/13
  9688 | D:10     | Reached **** piety under the Shining One
  9822 | D:10     | Killed Fannar
  9862 | D:10     | Reached skill level 12 in Axes
 10093 | D:10     | Killed a two-headed ogre
 10251 | D:9      | Killed a two-headed ogre
 10477 | D:11     | Found Toreeplu's Book Shoppe.
 10751 | D:11     | Found a staircase to the Lair.
 11046 | D:12     | Found a staircase to the Orcish Mines.
 11282 | D:12     | Noticed Josephine
 11317 | D:12     | Killed Josephine
 11465 | D:12     | You fall through a shaft for 2 floors!
 12065 | D:12     | Noticed a seven-headed hydra
 12073 | D:12     | Killed a three-headed hydra
 12073 | D:12     | Reached skill level 13 in Axes
 12073 | D:12     | Reached skill level 5 in Invocations
 12073 | D:12     | Reached XP level 13. HP: 78/101 MP: 12/16
 12128 | D:12     | Identified the Compendium of Ice and the Compass
 12249 | D:12     | Reached ***** piety under the Shining One
 12444 | Orc:1    | Entered Level 1 of the Orcish Mines
 13384 | Orc:1    | Noticed an ettin
 13396 | Orc:1    | Killed an ettin
 13396 | Orc:1    | Reached skill level 10 in Fighting
 13545 | Orc:1    | Found a roughly hewn altar of Beogh.
 13653 | Orc:2    | Entered Level 2 of the Orcish Mines
 13653 | Orc:2    | Found Ediorch's Distillery.
 13656 | Orc:2    | Bought 2 potions of lignification for 60 gold pieces
 13656 | Orc:2    | Bought a potion of flight for 30 gold pieces
 13656 | Orc:2    | Bought a potion of might for 40 gold pieces
 13656 | Orc:2    | Bought a potion of flight for 30 gold pieces
 13656 | Orc:2    | Bought a potion of heal wounds for 50 gold pieces
 13656 | Orc:2    | Bought a potion of heal wounds for 50 gold pieces
 13707 | Orc:2    | Noticed Erolcha
 13733 | Orc:2    | Killed Erolcha
 13834 | Orc:2    | Found a roughly hewn altar of Beogh.
 13837 | Orc:2    | Found Nanoh's Weapon Emporium.
 14224 | Orc:2    | Found a roughly hewn altar of Beogh.
 14268 | Orc:2    | Found a roughly hewn altar of Beogh.
 14642 | Orc:2    | Noticed Azrael
 14897 | Orc:1    | Killed Azrael
 15281 | Orc:2    | Found a staircase to the Elven Halls.
 15308 | Orc:2    | Found a roughly hewn altar of Beogh.
 15342 | Orc:2    | Found Usapul's Distillery.
 15376 | Orc:2    | Bought a potion of cancellation for 136 gold pieces
 15376 | Orc:2    | Bought a potion of heal wounds for 85 gold pieces
 15988 | Orc:2    | Reached skill level 14 in Axes
 16130 | Orc:2    | Reached XP level 14. HP: 109/111 MP: 19/19
 16167 | Orc:2    | Noticed Saint Roka
 16211 | Orc:2    | Killed Saint Roka
 16566 | Orc:2    | Found Ukhloukh's Antique Weapon Emporium.
 16568 | Orc:2    | Found a roughly hewn altar of Beogh.
 16569 | Orc:2    | Found Zatinwim's Antique Armour Shoppe.
 16675 | Orc:2    | Bought a potion of curing for 51 gold pieces
 16675 | Orc:2    | Bought a potion of curing for 51 gold pieces
 16675 | Orc:2    | Bought a potion of might for 68 gold pieces
 16675 | Orc:2    | Bought a potion of curing for 51 gold pieces
 17005 | Lair:1   | Entered Level 1 of the Lair of Beasts
 17041 | Lair:1   | Got a polished war axe
 17042 | Lair:1   | Identified the cursed +1 war axe of Axomame {venom, rN+ MR+ Str-4 Int+2} (You found it on level 1 of the Lair of Beasts)
 17111 | Lair:1   | Found a burning altar of Makhleb.
 18155 | Lair:2   | Found a hole to the Spider Nest.
 18213 | Lair:2   | Reached skill level 15 in Axes
 18965 | Lair:3   | Found a labyrinth entrance.
 18975 | Lab      | Entered a labyrinth
 19786 | Lab      | Got a vibrating tin ring
 19786 | Lab      | Got a warped lead ring
 19787 | Lab      | Got a polished mace
 19787 | Lab      | Got a scorched short sword
 19809 | Lair:3   | Identified the ring of Nihilism {rC+ MR+ Str-4 Int+3} (You found it in a labyrinth)
 19811 | Lair:3   | Identified the ring of the Queen {Str+3 Dex+2 Stlth-} (You found it in a labyrinth)
 19849 | Lair:3   | Identified the cursed +3 mace of Butivvis {drain, +Rage} (You found it in a labyrinth)
 19851 | Lair:3   | Identified the cursed +0 short sword of the Orcish Mines {pierce, rF+ Int+4 Dex-5} (You found it in a labyrinth)
 20493 | Lair:3   | Noticed Prince Ribbit
 20498 | Lair:3   | Killed Prince Ribbit
 20954 | Lair:4   | Reached XP level 15. HP: 99/119 MP: 19/21
 21140 | Lair:4   | Noticed Sonja
 21161 | Lair:4   | Cast into level 1 of the Abyss (Sonja)
 21248 | Abyss:2  | Found a corrupted altar of Lugonu.
 21350 | Abyss:2  | Demolished by a large abomination

Skill      XL: |  1  2  3  4  5  6  7  8  9 10 11 12 13 14 |
---------------+-------------------------------------------+-----
Shields        | 4 5 6 7 8 10 11 12 | 12.4
Fighting       | 4 5 6 7 8 9 10 11 | 11.5
Armour         | 4 5 6 7 8 9 |  9.4
Axes           | 3 4 5 7 8 10 11 13 14 15 | 15.5
Dodging        | 1 2 3 5 6 |  6.1
Stealth        | 1 2 |  2.9
Throwing       | 1 2 3 |  3.4
Invocations    | 1 5 7 9 |  9.1

Action                   |  1- 3 |  4- 6 |  7- 9 | 10-12 | 13-15 || total
-------------------------+-------+-------+-------+-------+-------++-------
Melee: War axe           |   120 |   107 |   295 |   515 |   422 ||  1459
       Battleaxe         |       |       |       |       |   256 ||   256
       Short sword       |       |       |       |       |     7 ||     7
Throw: Stone             |       |     3 |     5 |     1 |       ||     9
       Javelin           |       |       |       |    15 |     2 ||    17
       Tomahawk          |       |       |       |       |    17 ||    17
Invok: Divine Shield     |       |       |       |     6 |     8 ||    14
       Summon Divine War |       |       |       |       |     1 ||     1
 Abil: Dig               |       |       |     3 |     8 |    19 ||    30
Evoke: Wand              |       |       |       |       |     1 ||     1
  Use: Potion            |       |     1 |       |     1 |     9 ||    11
       Scroll            |       |     2 |    15 |     7 |    12 ||    36
  Eat: Chunk             |     1 |     5 |    30 |    19 |    32 ||    87
Armor: Scale mail        |    52 |    14 |       |       |     2 ||    68
       Ring mail         |       |    17 |    84 |    97 |    18 ||   216
       Chain mail        |       |       |       |       |    46 ||    46
       Skin              |       |       |       |       |     3 ||     3
       Plate armour      |       |       |       |       |    88 ||    88
Dodge: Dodged            |    48 |    43 |   116 |   170 |   143 ||   520
Block: Shield            |    64 |    57 |   166 |   334 |   322 ||   943
       Large shield      |       |       |       |       |    41 ||    41
